 Dungeon Crawl Stone Soup version 0.28-a0-535-g6f645e4c1d (webtiles) character file.

Game seed: 2690308932721187253

81 willcat the Sneak (level 4, -8/35 HPs)
             Began as a Human Delver on Sept 26, 2021.
             Mangled by a mummy (10 damage)
             ... in an ossuary.
             The game lasted 00:01:20 (216 turns).

willcat the Sneak (Human Delver)                     Turns: 216, Time: 00:01:21

Health: -8/35      AC:  4    Str: 12    XL:     4   Next: 67%
Magic:  4/4        EV: 12    Int: 12    God:
Gold:   0          SH:  0    Dex: 14    Spells: 3/3 levels left

rFire   . . .      SeeInvis .   a - +0 short sword
rCold   . . .      Faith    .   (no shield)
rNeg    . . .      Spirit   .   h - +0 leather armour
rPois   .          Reflect  .   (no helmet)
rElec   .          Harm     .   (no cloak)
rCorr   .          Rampage  .   i - +0 pair of gloves
Will    .....                   (no boots)
Stlth   +++.......              (no amulet)
HPRegen 0.11/turn               (no ring)
MPRegen 0.09/turn               (no ring)

@: no status effects
A: no striking features
a: no special abilities


You were in an ossuary.
You visited 1 branch of the dungeon, and saw 3 of its levels.
You also visited: Ossuary.

Inventory:

Hand Weapons
 a - a +0 short sword (weapon)
 b - a +2 vorpal hand axe
Missiles
 e - 15 poisoned darts (quivered)
Armour
 h - a +0 leather armour (worn)
 i - a +0 pair of gloves (worn)
Wands
 g - a wand of digging (3)
Scrolls
 c - a scroll of fog
 d - a scroll of magic mapping
Potions
 f - a potion of haste


   Skills:
 - Level 3.0 Fighting
 + Level 3.0 Short Blades
 + Level 3.0 Dodging
 + Level 5.6 Stealth


You had 3 spell levels left.
You didn't know any spells.
Your spell library was empty.

Dungeon Overview and Level Annotations

Branches:
Dungeon (7/15)            Ossuary (1/1)
 Temple: D:4-7

Altars:

Shops:
D:5 *

Portals:
Bailey: D:7


Message History

Adjust to which letter? (? for menu, Esc to quit)
b - a +2 vorpal hand axe;
h - a +0 leather armour (worn)
Unknown command.
There is a stone staircase leading up here.
You start resting.
You hear the faint creaking of a portcullis very nearby.
You start resting.
An orc wizard is nearby!
You climb upwards.
There is a stone staircase leading down here.
Okay, then.
Okay, then.
Found a stone staircase leading up.
Found a helmet.
A steam dragon and a sky beast come into view.
There is a stone staircase leading up here.
You climb upwards.
You hear the hiss of flowing sand.
There is an entrance to an ossuary on this level.
Hurry and find it before the portal is buried!
You hear the hiss of an avalanche of sand very nearby.
The gnoll shouts!
An adder comes into view.
A bullfrog zombie comes into view.
The gnoll hits you from afar with a +0 halberd.
There is a stone staircase leading down, spattered with blood here.
Found 13 gold pieces.
The adder hisses angrily.
You open the door.
Found a sand-covered staircase.
There is an open door here.
There is a sand-covered staircase here.
The gnoll hits you from afar with a +0 halberd!
* * * LOW HITPOINT WARNING * * *
The world spins around you as you enter the gateway.
You enter an ossuary!
There is an empty arch of ancient stone here.
Unknown command.
A mummy comes into view.
The mummy barely misses you. The mummy hits you!
You die...

################
.......@.M....∩#
........M......#
#+###+###+###..#
#..# #..# #..#
#..# +..#


You could see 2 mummies.

Vanquished Creatures
  An ogre (D:6)
1 creature vanquished.

Vanquished Creatures (others)
  5 plants (D:5)
5 creatures vanquished.

Grand Total: 6 creatures vanquished

Notes
Turn   | Place    | Note
-------+----------+-------------------------------------------
     0 | D:5      | willcat the Human Delver began the quest for the Orb.
     0 | D:5      | Reached XP level 1. HP: 18/18 MP: 1/1
    68 | D:6      | Noticed an ogre
    68 | D:6      | Noticed a scorpion
    76 | D:6      | Killed an ogre
    77 | D:6      | Reached XP level 2. HP: 3/24 MP: 2/2
    77 | D:6      | Reached XP level 3. HP: 4/29 MP: 3/3
    77 | D:6      | Reached XP level 4. HP: 5/35 MP: 4/4
    93 | D:6      | Noticed a centaur
   122 | D:7      | Found a flagged portal.
   163 | D:6      | Noticed a necrophage
   169 | D:6      | Noticed a steam dragon
   169 | D:6      | Noticed a sky beast
   204 | D:5      | Found a sand-covered staircase.
   208 | D:5      | HP: 1/35 [gnoll (14)]
   209 | Ossuary  | Entered an ossuary
   216 | Ossuary  | Mangled by a mummy

Illustrated notes

Levels and vault maps discovered:
D:5:      layout_loops_ring, nicolae_uskayaw_dance_hall, enter_ossuary_5,
          serial_shops, nicolae_stop_n_shop_2, minivault_11,
          serial_bayou_lagoon_b
D:6:      layout_rooms
D:7:      lemuel_ice_spiral_2, layout_basic, enter_bailey_2,
          nicolae_shop_sticking_my_neck_out, uniq_joseph
Ossuary:  ossuary_boxes_badplayer

Skill      XL: |  1 |
---------------+----+-----
Short Blades   | 3 |  3.0
Dodging        | 3 |  3.0
Fighting       | |  3.0
Stealth        | |  5.6

Action                   |  1- 3 |  4- 6 || total
-------------------------+-------+-------++-------
Melee: Short sword       |     4 |       ||     4
  Use: Scroll            |       |     1 ||     1
 Stab: Sleeping          |     1 |       ||     1
Dodge: Dodged            |     2 |     1 ||     3

Table legend: (Time is in decaauts)
 A = Elapsed time spent in this place.
 B = Non-inter-level travel time spent in this place.
 C = Inter-level travel time spent in this place.
 D = Time resting spent in this place.
 E = Time spent auto-exploring this place.
 F = Levels seen in this place.
 G = Mean time per level.
                   A        B        C        D        E       F      G
               +--------+--------+--------+--------+--------+-----+--------+
         Total |    216 |    216 |      0 |     14 |     45 |   4 |   54.0 |
       Dungeon |    209 |    209 |      0 |     14 |     45 |   3 |   69.7 |
       Ossuary |      6 |      6 |      0 |      0 |      0 |   1 |    6.0 |
               +--------+--------+--------+--------+--------+-----+--------+

Top non-repeatable levels by time:
     D:5: 103 daAuts
     D:6: 53 daAuts
     D:7: 52 daAuts
 Ossuary: 6 daAuts
